AoeStats
← So sad

Nomad

505710657Analyzed
3v3 RM · 22d ago on Sep 10, 2026· 28m 15s· 6 players
Game mode
Random Map
Map size
210×210
Population
200
Speed
Normal
Resources
Standard
Victory
Conquest
Starting age
Dark Age
Ending age
Imperial Age
RankedLock teamsTeams togetherTeam positionsShared explorationLock speedFull tech treeHidden civsTurbo modeCheats
Victory
Defeat
🇮🇳 Muisca · India
1346
+16
🇦🇷 Persians · Argentina
1311
+17
🇨🇴 Saracens · Colombia
1301
+18
🇺🇦 Poles · Ukraine
1348
-17
🇧🇾 Goths · Belarus
1339
-17
🇧🇾 Maya · Belarus
1330
-17
kevinpaz6665
6:07 Loom
14:17 Feudal Age
16:28 Wheelbarrow
18:38 Castle Age
17:12 Fishing Lines
17:21 Double-Bit Axe
18:34 Fletching
18:47 Town Watch
20:36 Medium Warships
23:16 Gold Mining
25:40 Forging
27:57 Iron Casting
PistonForjado
9:50 Loom
12:09 Feudal Age
13:40 Double-Bit Axe
15:50 Wheelbarrow
20:05 Town Watch
24:14 Castle Age
22:14 Fishing Lines
23:49 Scale Barding Armor
23:57 Bloodlines
26:04 Fletching
26:08 Gillnets
26:48 Bodkin Arrow
Mezsar
4:59 Loom
14:12 Feudal Age
15:31 Wheelbarrow
15:01 Double-Bit Axe
22:10 Castle Age
20:04 Gold Mining
20:41 Fletching
22:17 Forging
22:48 Bodkin Arrow
23:16 Medium Warships
25:29 Iron Casting
27:55 Horse Collar
28:45 Heavy Plow
So sad
9:35 Loom
14:15 Feudal Age
16:19 Town Watch
19:27 Castle Age
17:27 Horse Collar
17:31 Fishing Lines
17:41 Double-Bit Axe
22:04 Scale Mail Armor
22:15 Forging
21:33 Pikeman
22:15 Squires
HURMA
3:59 Loom
13:44 Feudal Age
14:28 Double-Bit Axe
17:43 Castle Age
16:33 Fishing Lines
17:57 Wheelbarrow
18:16 Gillnets
19:27 Bow Saw
19:44 Gold Mining
20:59 Town Watch
23:14 Stone Mining
24:23 Fletching
NiL
4:49 Loom
15:27 Feudal Age
15:53 Fishing Lines
22:12 Castle Age
20:25 Forging
21:12 Double-Bit Axe
23:20 Medium Warships
24:00 Wheelbarrow
23:10 Town Watch
24:35 Gillnets
25:15 Murder Holes
25:31 Careening
25:34 Clinker Construction
26:45 Hand Cart
27:41 Gold Mining
27:41 Stone Mining
Connection lost

Rejoining the realm…

Still unreachable

The connection could not be restored.

Session expired

The server has moved on; the page needs a fresh start.